 Dungeon Crawl Stone Soup version 0.19-a0-1886-gd64a0f0 (webtiles) character file.

331 Kirkhe the Chopper (level 6, 23/44 HPs)
             Began as a Demonspawn Gladiator on Oct 15, 2016.
             Quit the game on level 4 of the Dungeon.
             The game lasted 00:03:31 (2030 turns).

Kirkhe the Chopper (Demonspawn Gladiator)           Turns: 2030, Time: 00:03:32

Health: 23/44      AC:  5    Str: 17    XL:     6   Next: 26%
Magic:  6/6        EV: 13    Int: 10    God:
Gold:   99         SH:  0    Dex: 15    Spells: 0 memorised, 5 levels left

rFire  . . .     SeeInvis +     a - +0 war axe
rCold  . . .     Gourm    .     b - +0 leather armour
rNeg   . . .     Faith    .     (no shield)
rPois  .         Spirit   .     c - +0 helmet
rElec  .         Dismiss  .     (no cloak)
rCorr  .         Reflect  .     e - +0 pair of gloves
MR     .....     Harm     .     (no boots)
Stlth  ++........               (no amulet)
                                (no ring)
                                y - ring of see invisible

@: no status effects
A: talons 2, thin skeletal structure 1, demonic guardian 1
a: no special abilities


You were on level 4 of the Dungeon.
You were not hungry.

You visited 1 branch of the dungeon, and saw 4 of its levels.

You collected 99 gold pieces.

Inventory:

Hand Weapons
 a - a +0 war axe (weapon)
Missiles
 d - 3 throwing nets (quivered)
 s - 11 poisoned needles
Armour
 b - a +0 leather armour (worn)
 c - a +0 helmet (worn)
 e - a +0 pair of gloves (worn)
Jewellery
 y - a ring of see invisible (left hand)
Wands
 o - a wand of polymorph (10/24)
Scrolls
 h - 2 scrolls of remove curse
 i - a scroll of enchant weapon {unknown}
 l - 2 scrolls of magic mapping {unknown}
 m - 3 scrolls of teleportation {unknown}
 q - a scroll of enchant armour {unknown}
 x - 2 scrolls of fear {unknown}
 A - a scroll of noise {unknown}
Potions
 g - 2 potions of degeneration
 j - 2 potions of invisibility {unknown}
 r - 3 potions of flight
 t - a potion of berserk rage {unknown}
 u - a potion of heal wounds {unknown}
 v - a potion of might {unknown}
 z - a potion of haste {unknown}
 C - a potion of resistance {unknown}
Comestibles
 f - 6 bread rations
 n - a meat ration
 p - 3 slices of pizza
 w - a beef jerky
 B - 3 chunks of flesh


   Skills:
 - Level 2.0 Fighting
 + Level 5.9 Axes
 - Level 1.7 Throwing
 + Level 2.3 Armour
 - Level 2.6 Dodging


You had 5 spell levels left.
You didn't know any spells.

Dungeon Overview and Level Annotations

Branches:
Dungeon (4/15)             Temple (0/1) D:4

Altars:


Innate Abilities, Weirdness & Mutations

You have razor-sharp toenails.
You have a somewhat thin skeletal structure. (Dex +2, Stealth)
A weak demonic guardian rushes to your aid.


Message History

Menkaure is heavily damaged.
Menkaure hits you but does no damage.
Unknown command.
You hit Menkaure but do no damage.
Menkaure is heavily damaged.
Your shadow imp barely misses Menkaure.
Menkaure calls on the powers of darkness!
Your body is wracked with pain!
You slash Menkaure! You claw Menkaure, but do no damage.
Menkaure is almost destroyed.
Your shadow imp hits Menkaure.
Menkaure is destroyed!
You have reached level 6!
Your experience leads to an increase in your attributes!
Increase (S)trength, (I)ntelligence, or (D)exterity?
You feel stronger.
Your demonic ancestry asserts itself...
Your bones become slightly less dense.
f - 6 bread rations (gained 1)
Your shadow imp disappears in a puff of smoke!
Are you sure you want to abandon this character and quit the game? (Confirm with "yes".)

##.######..#
....... ##.#
.......###.#
...........##
>...........#
..........#.#######
...(...............
...................
.........@.........
...........†.......
###.###........(<..
........>........
######.........
#.........
#.........
#.........


There were no monsters in sight!

Vanquished Creatures
  An orc wizard (D:3)
  6 adders
  3 gnolls (D:3)
  A dart slug (D:2)
  A leopard gecko (D:4)
  7 orcs (D:3)
  6 giant cockroaches
  5 goblins
  9 hobgoblins
  5 jackals (D:2)
  9 kobolds
  A quokka (D:3)
  9 bats
  4 frilled lizards
  2 rats (D:1)
69 creatures vanquished.

Vanquished Creatures (collateral kills)
  Menkaure (D:4)
  An orc wizard (D:3)
  An adder (D:3)
3 creatures vanquished.

Vanquished Creatures (others)
  5 toadstools (D:1)
5 creatures vanquished.

Grand Total: 77 creatures vanquished

Notes
Turn   | Place    | Note
-------+----------+-------------------------------------------
     0 | D:1      | Kirkhe the Demonspawn Gladiator began the quest for the Orb.
     0 | D:1      | Reached XP level 1. HP: 16/16 MP: 1/1
   242 | D:1      | Reached skill level 3 in Axes
   323 | D:1      | Gained mutation: You have sharp toenails. [demonic ancestry]
   323 | D:1      | Reached XP level 2. HP: 16/22 MP: 2/2
   915 | D:2      | Reached XP level 3. HP: 21/27 MP: 3/3
  1062 | D:2      | Reached skill level 4 in Axes
  1236 | D:2      | Gained mutation: A weak demonic guardian rushes to your aid. [demonic ancestry]
  1236 | D:2      | Reached XP level 4. HP: 29/33 MP: 4/4
  1344 | D:3      | Reached skill level 1 in Armour
  1395 | D:3      | Reached skill level 5 in Axes
  1395 | D:3      | Gained mutation: You have razor-sharp toenails. [demonic ancestry]
  1395 | D:3      | Reached XP level 5. HP: 17/38 MP: 5/5
  2013 | D:4      | Found a staircase to the Ecumenical Temple.
  2015 | D:4      | Noticed Menkaure
  2026 | D:4      | Killed Menkaure
  2026 | D:4      | Gained mutation: You have a somewhat thin skeletal structure. (Dex +2, Stealth) [demonic ancestry]
  2026 | D:4      | Reached XP level 6. HP: 23/44 MP: 6/6
  2030 | D:4      | Quit the game

Vault maps used:
D:1:      ldierk_walled_garden
D:4:      first_bread, evilmike_ruin_ashenzari, uniq_menkaure, uniq_pikel

Skill      XL: |  1  2  3  4  5 |
---------------+----------------+-----
Axes           | 3 4 5 |  5.9
Armour         | 1 2 |  2.3
Fighting       | |  2.0
Throwing       | |  1.7
Dodging        | |  2.6

Action                   |  1- 3 |  4- 6 || total
-------------------------+-------+-------++-------
Melee: War axe           |   110 |    89 ||   199
       Kick              |    11 |    19 ||    30
  Use: Scroll            |       |     3 ||     3
  Eat: Chunk             |     1 |     3 ||     4
Armor: Leather armour    |    53 |    51 ||   104
Dodge: Dodged            |    89 |    96 ||   185
